 Dungeon Crawl Stone Soup version 0.17-a0-1718-g72dbe4d (webtiles) character file.

15151 Bulldog the Grappler (level 11, -3/115 HPs)
             Began as a Troll Monk on Aug 25, 2015.
             Was a Believer of Jiyva.
             Slain by a nine-headed hydra (16 damage)
             ... on level 5 of the Lair of Beasts.
             The game lasted 00:50:33 (9695 turns).

Bulldog the Grappler (Troll Monk)                   Turns: 9695, Time: 00:50:33

Health: -3/115     AC:  8    Str: 24    XL:     11   Next: 98%
Magic:  10/10      EV: 14    Int:  8    God:    Jiyva [**....]
Gold:   228        SH:  0    Dex: 12    Spells: 0 memorised, 10 levels left

rFire  . . .     SeeInvis .       - Unarmed
rCold  + . .     Clarity  .     a - +0 robe
rNeg   . . .     SustAt   +     (no shield)
rPois  +         Gourm    +     (helmet restricted)
rElec  +         Spirit   .     v - +0 cloak
rCorr  .         Warding  .     (gloves unavailable)
rMut   .         Stasis   .     (boots unavailable)
MR     .....                    (no amulet)
Stlth  ++........               M - ring of Ikesief {SustAt Slay+3}
                                q - ring of poison resistance

@: not resistant to hostile enchantments, unstealthy
A: unfitting armour, antennae 1, claws 3, hooves 1, clever 1, fast metabolism 3,
gourmand, regeneration 2, shaggy fur 3, electricity resistance, tough skin 2,
MP-powered wands
a: Request Jelly, Jelly Paralyse, Renounce Religion


You were on level 5 of the Lair of Beasts.
You worshipped Jiyva.
Jiyva was pleased with you.
You were full.

You visited 3 branches of the dungeon, and saw 18 of its levels.

You collected 640 gold pieces.
You spent 412 gold pieces at shops.

Inventory:

Armour
 a - a +0 robe (worn)
 v - a +0 cloak (worn)
Jewellery
 p - an uncursed amulet of the gourmand
 q - a ring of poison resistance (left claw)
 r - an uncursed ring of wizardry
 u - an uncursed ring of see invisible
 C - an uncursed ring of positive energy {unknown}
 M - the ring of Ikesief (right claw) {SustAt Slay+3}
   (You bought it in a shop on level 9 of the Dungeon)

   [ring of sustain attributes]

   It sustains your strength, intelligence and dexterity.
   It affects your accuracy and damage with ranged weapons and melee attacks
   (+3).
 N - an uncursed ring of flight {unknown}
Magical devices
 I - a wand of slowing (48)
Scrolls
 e - 6 scrolls of remove curse
 f - a scroll of enchant weapon
 h - 3 scrolls of recharging
 j - 2 scrolls of identify
 k - 3 scrolls of noise
 o - 3 scrolls of teleportation
 y - 2 scrolls of magic mapping
 z - 6 scrolls of enchant armour {unknown}
 B - a scroll of immolation {unknown}
 G - 2 scrolls of fog {unknown}
 L - 2 scrolls of random uselessness {unknown}
 P - a scroll of blinking {unknown}
Potions
 g - 3 potions of lignification
 l - 4 potions of cancellation
 m - 6 potions of might
 n - 5 potions of curing
 s - a potion of poison
 t - a potion of magic
 A - 2 potions of berserk rage
 E - 2 potions of flight
 F - a potion of resistance
 H - a potion of brilliance {unknown}
 K - a potion of ambrosia {unknown}
 S - a potion of mutation {unknown}
Books
 c - a Grand Grimoire

   Spells                             Type                      Level
   a - Monstrous Menagerie            Summoning                    6
   b - Summon Greater Demon           Summoning                    7
   c - Malign Gateway                 Summoning/Translocation      7
   d - Summon Horrible Things         Summoning                    8
 w - a book of Cantrips

   Spells                             Type                      Level
   a - Corona                         Hexes                        1
   b - Animate Skeleton               Necromancy                   1
   c - Summon Small Mammal            Summoning                    1
   d - Apportation                    Translocation                1
 J - a book of Frost

   Spells                             Type                      Level
   a - Freeze                         Ice                          1
   b - Throw Frost                    Conjuration/Ice              2
   c - Ozocubu's Armour               Charms/Ice                   3
   d - Throw Icicle                   Conjuration/Ice              4
   e - Summon Ice Beast               Ice/Summoning                4
   f - Condensation Shield            Ice                          4
 R - a book of Ice

   Spells                             Type                      Level
   a - Ice Form                       Ice/Transmutation            4
   b - Metabolic Englaciation         Hexes/Ice                    5
   c - Ozocubu's Refrigeration        Ice                          6
   d - Bolt of Cold                   Conjuration/Ice              6
   e - Freezing Cloud                 Conjuration/Ice/Air          6
   f - Simulacrum                     Ice/Necromancy               6
Comestibles
 b - a bread ration
 i - 6 beef jerkies
 x - 4 meat rations
 D - 9 fruits
 O - 2 slices of pizza


   Skills:
 * Level 9.0 Fighting
 - Level 3.0 Throwing
 * Level 9.0 Dodging
 + Level 3.3 Stealth
 * Level 12.4 Unarmed Combat


You had 10 spell levels left.
You didn't know any spells.

Dungeon Overview and Level Annotations

Branches:
Dungeon (11/15)            Temple (1/1) D:7            Lair (6/8) D:8
  Slime (0/6) Lair:6          Orc (0/4) D:10
  Swamp: Lair:3-6    Shoals: Lair:3-6     Snake: Lair:3-6    Spider: Lair:3-6

Altars:
Ashenzari
Cheibriados
Dithmenos
Elyvilon
Fedhas
Gozag
Kikubaaqudgha
Makhleb
Nemelex Xobeh
Okawaru
Qazlal
Ru
Sif Muna
Trog
Vehumet
Xom
Yredelemnul
Zin
The Shining One
Jiyva

Shops:
D:9 [*[}

Portals:
Trove: D:11 (give 2 potions of cure mutation)

Annotations:
D:4 Eptagon's ghost, average OpTm
Lair:5 exclusion: catoblepas, Kirke


Innate Abilities, Weirdness & Mutations

You are too large for most types of armour.
You have claws for hands.
Your metabolism is lightning-fast.
You like to eat raw meat.
You heal very quickly.
Your thick and shaggy fur keeps you warm (AC +3, rC+).
You have very tough skin (AC +2).
You have a pair of small antennae on your head.
You have large cloven feet.
Your mind is acute. (Int +2)
You are resistant to electric shocks.
You expend magic power (3 MP) to strengthen your wands.


Message History

The nine-headed hydra bites you. x2
The nine-headed hydra bites you!
The nine-headed hydra barely misses you.
The nine-headed hydra bites you!
The nine-headed hydra bites you but does no damage.
You climb upwards.
Level annotation: exclusion: catoblepas, Kirke The sheep bellows!
A sheep comes into view.
There is a stone staircase leading down here.
Drink which item? (? for menu, Esc to quit)
You feel better. The hog misses you.
The nine-headed hydra barely misses you.
The nine-headed hydra bites you!
* * * LOW HITPOINT WARNING * * *
The nine-headed hydra barely misses you.
The nine-headed hydra bites you!
* * * LOW HITPOINT WARNING * * *
The nine-headed hydra bites you!
You die...

.......[................
................@...?...
.....PP...##.#..>.......
.#........####..?.......
#....#.....#........#..
#...........#.......#.#
.#...........h........#
....P.....Dh..........
..........@........P#..
...#..............###.
...#.....Y.........#
................#.
.##..P#..#....... .
.P+.###........ . .....
.. .... . ..... Y......
.


You could see Kirke, a nine-headed hydra, 2 hogs and 2 sheep.

Vanquished Creatures
  Rupert (Lair:5)
  A hill giant (D:11)
  2 black mambas
  A centaur skeleton (D:9)
  3 spiny frogs
  2 guardian serpents (D:10)
  A fire drake (Lair:5)
  2 trolls
  3 blink frogs
  4 basilisks (Lair:5)
  A deep elf mage (D:8)
  12 yaks
  5 hippogriffs
  A hog (Lair:5)
  Menkaure (D:7)
  7 porcupines
  7 water moccasins
  Duvessa (D:5)
  A wasp (D:9)
  A phantom (D:9)
  4 sky beasts
  2 ice beasts (D:7)
  An eye of draining (D:11)
  An orc warrior (D:10)
  2 black bears (D:6)
  3 centaurs
  4 crocodiles
  The ghost of trantor the Sneak, an average HEEn (D:5)
  7 giant frogs
  Dowan (D:5)
  2 scorpions
  4 wights (D:7)
  11 killer bees
  A crimson imp (D:9)
  A centaur zombie (D:9)
  2 hounds
  2 jellies
  5 orc priests
  4 giant frog skeletons
  4 worker ants
  A giant frog zombie (D:5)
  3 orc wizards
  5 iguanas
  A hound skeleton (D:6)
  A worker ant zombie (D:8)
  2 gnolls
  10 adders
  8 river rats (Lair:5)
  A shadow imp (D:5)
  4 oozes
  An adder skeleton (D:6)
  3 worms (D:2)
  25 orcs
  10 bats
  9 hobgoblins
  13 jackals
  7 quokkas
  5 giant cockroaches
  A giant gecko (D:10)
  5 giant newts
  7 goblins
  10 kobolds
  A quokka skeleton (D:6)
  4 rats
  A spectral orc (D:9)
  A bush (Lair:6)
  A plant (Lair:6)
259 creatures vanquished.

Vanquished Creatures (others)
  A bush (Lair:6)
  2 fungi
  A plant (Lair:4)
4 creatures vanquished.

Grand Total: 263 creatures vanquished

Notes
Turn   | Place    | Note
--------------------------------------------------------------
     0 | D:1      | Bulldog the Troll Monk began the quest for the Orb.
     0 | D:1      | Reached XP level 1. HP: 22/22 MP: 0/0
   125 | D:1      | Reached XP level 2. HP: 19/29 MP: 1/1
   395 | D:1      | Reached XP level 3. HP: 23/37 MP: 2/2
   769 | D:2      | Reached XP level 4. HP: 36/45 MP: 3/3
  1167 | D:3      | Reached skill level 5 in Unarmed Combat
  1180 | D:3      | Found an ancient bone altar of Kikubaaqudgha.
  1666 | D:3      | Reached XP level 5. HP: 42/53 MP: 4/4
  2101 | D:4      | Noticed Eptagon's ghost (average OpTm)
  2323 | D:4      | Found a glowing golden altar of the Shining One.
  2590 | D:5      | Entered Level 5 of the Dungeon
  2763 | D:5      | Reached XP level 6. HP: 39/62 MP: 5/5
  2820 | D:5      | Noticed trantor's ghost (average HEEn)
  2839 | D:5      | Killed trantor's ghost
  2839 | D:5      | Reached skill level 6 in Unarmed Combat
  2916 | D:5      | Noticed Duvessa
  2918 | D:5      | Noticed Dowan
  2925 | D:5      | Killed Duvessa
  2934 | D:5      | Killed Dowan
  2934 | D:5      | Reached XP level 7. HP: 64/70 MP: 6/6
  3072 | D:5      | Noticed a sky beast
  3078 | D:5      | Killed a sky beast
  3270 | D:5      | Gained mutation: Your mind is acute. (Int +2) [mutagenic meat]
  3377 | D:6      | Reached skill level 7 in Unarmed Combat
  3538 | D:6      | Found a sparkling altar of Nemelex Xobeh.
  3758 | D:6      | Reached XP level 8. HP: 70/79 MP: 7/7
  4223 | D:7      | Found a deep blue altar of Sif Muna.
  4310 | D:7      | Reached skill level 8 in Unarmed Combat
  4314 | D:7      | Reached skill level 5 in Fighting
  4333 | D:7      | Found a shattered altar of Ashenzari.
  4373 | D:7      | Noticed Menkaure
  4379 | D:7      | Reached skill level 5 in Dodging
  4384 | D:7      | Killed Menkaure
  4552 | D:7      | Found a shadowy altar of Dithmenos.
  4554 | D:7      | Found a radiant altar of Vehumet.
  4554 | D:7      | Found a shimmering altar of Xom.
  4554 | D:7      | Found an opulent altar of Gozag.
  4795 | D:7      | Found a staircase to the Ecumenical Temple.
  4890 | D:7      | Reached skill level 9 in Unarmed Combat
  4931 | D:7      | Found a snail-covered altar of Cheibriados.
  5073 | Temple   | Entered the Ecumenical Temple
  5189 | D:8      | Reached XP level 9. HP: 52/88 MP: 8/8
  5383 | D:8      | Found a sparkling altar of Nemelex Xobeh.
  5581 | D:8      | Found a staircase to the Lair.
  5721 | D:8      | You fall through a shaft for 3 floors!
  5738 | D:11     | Found a portal to a secret trove of treasure.
  5764 | D:11     | Noticed a hill giant
  5830 | D:11     | Killed a hill giant
  5830 | D:11     | Reached skill level 10 in Unarmed Combat
  5982 | D:10     | Entered Level 10 of the Dungeon
  5990 | D:10     | Found a staircase to the Orcish Mines.
  6011 | D:10     | Reached skill level 1 in Throwing
  6163 | D:10     | Gained mutation: You expend magic power (3 MP) to strengthen your wands. [mutagenic meat]
  6164 | D:10     | Gained mutation: Your muscles are strong. (Str +2) [mutagenic meat]
  6165 | D:10     | Lost mutation: Your muscles are strong. (Str +2) [mutagenic meat]
  6166 | D:10     | Gained mutation: You are resistant to electric shocks. [mutagenic meat]
  6167 | D:10     | Gained mutation: You have a pair of small antennae on your head. [mutagenic meat]
  6168 | D:10     | Gained mutation: You are covered in thick fur (AC +2). [mutagenic meat]
  6202 | D:10     | Noticed a guardian serpent
  6210 | D:10     | Killed a guardian serpent
  6234 | D:10     | Reached XP level 10. HP: 25/100 MP: 9/9
  6347 | D:10     | Gained mutation: You have large cloven feet. [mutagenic meat]
  6348 | D:10     | Gained mutation: Your thick and shaggy fur keeps you warm (AC +3, rC+). [mutagenic meat]
  6519 | D:10     | Noticed a guardian serpent
  6646 | D:10     | Killed a guardian serpent
  6676 | D:9      | Found Hopu's Armour Shop.
  6700 | D:9      | Reached skill level 11 in Unarmed Combat
  6866 | D:9      | Found Yteuth's Gadget Boutique.
  7058 | D:9      | Found Gepeong's Antique Armour Shop.
  7088 | D:9      | Found Ingoucij's Assorted Antiques.
  7093 | D:9      | Bought an amethyst potion for 17 gold pieces
  7093 | D:9      | Bought a potion of might for 76 gold pieces
  7093 | D:9      | Bought a potion of heal wounds for 95 gold pieces
  7093 | D:9      | Bought 2 lumpy dark potions for 34 gold pieces
  7093 | D:9      | Bought a wavering ivory ring for 95 gold pieces
  7093 | D:9      | Bought a potion of heal wounds for 95 gold pieces
  7093 | D:9      | Identified the ring of Ikesief {SustAt Slay+3} (You bought it in a shop on level 9 of the Dungeon)
  7207 | D:9      | Found a basalt altar of Yredelemnul.
  7647 | Lair:1   | Entered Level 1 of the Lair of Beasts
  7924 | Lair:1   | Reached XP level 11. HP: 42/110 MP: 10/10
  8203 | Lair:1   | Noticed a black mamba
  8209 | Lair:1   | Killed a black mamba
  8767 | Lair:5   | Noticed a catoblepas
  8770 | Lair:4   | Noticed a death yak
  8770 | Lair:4   | Noticed a death yak
  8771 | Lair:4   | Noticed a death yak
  8771 | Lair:4   | Noticed a death yak
  8772 | Lair:4   | Noticed a death yak
  8975 | Lair:5   | Reached skill level 12 in Unarmed Combat
  9325 | Lair:5   | Noticed a death yak
  9325 | Lair:5   | Noticed a death yak
  9326 | Lair:5   | Noticed a death yak
  9418 | Lair:5   | Noticed Rupert
  9432 | Lair:5   | Killed Rupert
  9470 | Lair:5   | Noticed Kirke
  9671 | Lair:6   | Found a viscous altar of Jiyva.
  9671 | Lair:6   | Found a staircase to the Slime Pits.
  9675 | Lair:6   | Noticed an eight-headed hydra
  9679 | Lair:6   | Became a worshipper of Jiyva Jukolom the Shapeless
  9679 | Lair:6   | Acquired Jiyva's first power
  9679 | Lair:6   | Acquired Jiyva's second power
  9695 | Lair:5   | Slain by a nine-headed hydra

Vault maps used:
D:1:      ncdulo_smallfort
D:2:      minivault_26
D:3:      old_standard_altar, minmay_misc_feat_chi
D:4:      tso_oasis_becter
D:5:      first_bread, uniq_duvessa
D:6:      nemelex_deck
D:7:      cheibrodos_ashenzari_chains, grunt_temple_overflow_open,
          cheibriados_altar_wand_db, lemuel_round_altar,
          minmay_temple_entry_junction, uniq_menkaure
D:8:      lair_0_dummy, basic_altar
D:9:      yredelemnul_forgotten_temple_becter, serial_shops,
          kennysheep_little_box, shop, nicolae_shop_crystal, shop
D:10:     nrook_guardian_serpent_snake_passage, david_orc_3, serial_shops, shop
D:11:     serial_shops, nicolae_shop_stone, nicolae_trove_entry_crystal
Temple:   cyrus_temple_forest_13
Lair:1:   enter_volcano_2, minivault_11
Lair:2:   grunt_megastairs_3, lemuel_fruit_fields, infiniplex_staircase_pool,
          lemuel_fruit_fields, serial_bayou_shore_a
Lair:3:   minmay_lair_venomous_thicket, minmay_swamp_entry_reptiles,
          guppyfry_snake_entry_island, beast_lair_carwin_11
Lair:5:   kennysheep_basilisk_garden, uniq_kirke, uniq_rupert
Lair:6:   slime_altar_1, serial_bayou_shore_b

Action                   |  1- 3 |  4- 6 |  7- 9 | 10-12 || total
-------------------------+-------+-------+-------+-------++-------
Melee: Unarmed           |    81 |   187 |   242 |   356 ||   866
Evoke: Deck              |       |       |     3 |     2 ||     5
  Use: Scroll            |       |       |    12 |     9 ||    21
       Potion            |       |       |     1 |     8 ||     9
 Stab: Sleeping          |     1 |     1 |     6 |     2 ||    10
       Invisible         |       |       |       |     1 ||     1
  Eat: Chunk             |     5 |    14 |    30 |    34 ||    83
       Bread ration      |       |     2 |     2 |       ||     4
